 Dungeon Crawl Stone Soup version bcrawl-1.37.2 (webtiles) character file.

Game seed: 497129524571451080

164055 Morbidden the Ducker (level 6, 48/48 HPs)
             Began as a Hill Orc Archaeologist on Dec 29, 2022.
             Was an Initiate of Beogh.
             Quit the game on level 3 of the Dungeon.
             The game lasted 00:04:33 (3329 turns).

Morbidden the Ducker (Hill Orc Archaeologist)       Turns: 3329, Time: 00:04:33

Health: 48/48      AC:  8    Str: 19    XL:     6   Next: 43%
Magic:  7/7        EV: 13    Int: 15    God:    Beogh [......]
Gold:   161        SH:  0    Dex:  9    Spells: 7/7 levels left

rFire    + . .     GDR:     22% a - +3 morningstar "Dyigylli" {crush, rF+ rC+ Stlth+}
rCold    + . .     SeeInvis .   (no shield)
rNeg     . . .     Gourm    .   c - +1 robe
rPois    .         Faith    .   d - +1 hat
rElec    .         Spirit   .   (no cloak)
rCorr    .         Reflect  .   (no gloves)
MR       .....                  j - +1 pair of boots
Stlth    +++.......             (no amulet)
HPRegen  0.18/turn              l - ring of wizardry
MPRegen  0.10/turn              o - +4 ring of strength

@: lightly drained
A: claws 1, thin metallic scales 1, evolution 1
a: Renounce Religion


You were on level 3 of the Dungeon.
You worshipped Beogh.
Beogh was noncommittal.
You were hungry.

You visited 1 branch of the dungeon, and saw 4 of its levels.

You collected 161 gold pieces.

Inventory:

Hand Weapons
 a - the +3 morningstar "Dyigylli" (weapon) {crush, rF+ rC+ Stlth+}
   (You acquired it on level 4 of the Dungeon)

   It will always inflict at least some extra damage.
   This minimum extra damage increases with your current reserve of magical
   power.
   It protects you from fire.
   It protects you from cold.
   It makes you more stealthy.
 b - a +0 blowgun
Missiles
 f - 5 curare-tipped needles
Armour
 c - a +1 robe (worn)
 d - a +1 hat (worn)
 j - a +1 pair of boots (worn)
 x - a +0 cloak
Jewellery
 l - a ring of wizardry (left claw)
 o - a +4 ring of strength (right claw)
Wands
 s - a wand of acid (6)
Scrolls
 g - a scroll of magic mapping
 h - a scroll of remove curse {unknown}
 i - 5 scrolls of identify
 n - a scroll of fear
 p - a scroll of blinking
 v - a scroll of fog {unknown}
 y - a scroll of teleportation {unknown}
 A - a scroll of noise {unknown}
Potions
 k - a potion of mutation
 m - a potion of ambrosia {unknown}
 q - a potion of agility {unknown}
 r - a potion of degeneration {unknown}
 t - a potion of magic
 u - a potion of berserk rage {unknown}
 w - a potion of heal wounds {unknown}
 z - 2 potions of curing {unknown}
Comestibles
 e - 3 rations {!d}


   Skills:
 * Level 2.1(1.8) Fighting
   Level 2.1(1.8) Short Blades
   Level 2.1(1.8) Long Blades
   Level 2.1(1.8) Axes
   Level 2.1(1.8) Maces & Flails
   Level 2.1(1.8) Polearms
   Level 2.1(1.8) Staves
 * Level 1.9(1.5) Armour
 * Level 4.5(4.0) Dodging
 + Level 3.3(2.9) Stealth
   Level 2.1(1.8) Unarmed Combat
 * Level 1.3(0.9) Spellcasting
 * Level 1.0(0.6) Invocations


You had 7 spell levels left.
You didn't know any spells.
Your spell library was empty.

Dungeon Overview and Level Annotations

Branches:
Dungeon (4/12)
 Temple: D:4-7

Altars:
Fedhas
Yredelemnul
The Shining One


Innate Abilities, Weirdness & Mutations

You have sharp fingernails.
You are partially covered in thin metallic scales. (AC +2)
You evolve.


Message History

A rat is nearby!
A rat is nearby!
A rat is nearby!
A rat is nearby!
The helpless rat fails to defend itself.
You puncture the rat!
You kill the rat!
Beogh accepts your kill.
No target in view!
No target in view!
No target in view!
No target in view!
No target in view!
No target in view!
No target in view!
No target in view!
No target in view!
No target in view!
No path to travel!
Are you sure you want to abandon this character and quit the game? (Confirm with "yes".)

#.......###.#>#
######### #.#.# #.#.#
#.#.# #.#.# #.#.#
#...#####
#################.......
......†@..........######
###################


There were no monsters in sight!

Vanquished Creatures
  A phantom (D:3)
  A scorpion (D:3)
  A hound (D:4)
  Terence (D:2)
  A worker ant (D:4)
  An adder (D:4)
  An ooze (D:1)
  2 worms
  4 dart slugs
  A leopard gecko (D:2)
  2 orcs
  2 ball pythons
  2 giant cockroaches
  2 goblins
  6 hobgoblins
  9 jackals
  9 kobolds
  6 bats (D:1)
  8 frilled lizards
  A quokka skeleton (D:4)
  5 rats
66 creatures vanquished.

Notes
Turn   | Place    | Note
-------+----------+-------------------------------------------
     0 | D:1      | Morbidden the Hill Orc Archaeologist began the quest for
                  | the Orb.
     0 | D:1      | Reached XP level 1. HP: 16/16 MP: 1/1
   311 | D:1      | Reached XP level 2. HP: 18/23 MP: 2/2
   702 | D:1      | Reached XP level 3. HP: 24/28 MP: 3/3
  1248 | D:2      | Found a faded altar of an unknown god.
  1259 | D:2      | Reached skill level 3 in Dodging
  1559 | D:2      | Found a blossoming altar of Fedhas.
  1849 | D:2      | Reached skill level 1 in Armour
  1863 | D:2      | Reached XP level 4. HP: 23/35 MP: 5/5
  1933 | D:2      | Noticed Terence
  1945 | D:2      | Killed Terence
  2303 | D:3      | Noticed a phantom
  2383 | D:3      | Gained mutation: You evolve. [potion of mutation]
  2383 | D:3      | Gained mutation: You have sharp fingernails. [potion of
                  | mutation]
  2383 | D:3      | Gained mutation: You are partially covered in thin metallic
                  | scales. (AC +2) [potion of mutation]
  2521 | D:4      | Reached skill level 1 in Spellcasting
  2521 | D:4      | Reached XP level 5. HP: 23/41 MP: 6/6
  2521 | D:4      | Identified a scroll of acquirement
  2537 | D:4      | Identified the +3 morningstar "Dyigylli" {crush, rF+ rC+
                  | Stlth+} (You acquired it on level 4 of the Dungeon)
  2762 | D:3      | Reached skill level 4 in Dodging
  2765 | D:3      | Became a worshipper of Beogh the Brigand
  3002 | D:3      | Killed a phantom
  3003 | D:3      | Reached skill level 1 in Invocations
  3003 | D:3      | Reached XP level 6. HP: 42/48 MP: 7/7
  3100 | D:3      | Found a glowing golden altar of the Shining One.
  3102 | D:3      | Noticed an angel
  3121 | D:3      | Found a basalt altar of Yredelemnul.
  3123 | D:3      | Noticed a profane servitor
  3329 | D:3      | Quit the game

Skill      XL: |  1  2  3  4  5 |
---------------+----------------+-----
Stealth        | 3 |  3.3
Dodging        | 3 4 |  4.5
Armour         | 1 |  1.9
Spellcasting   | 1 |  1.3
Fighting       | 2 |  2.1
Invocations    | 1 |  1.0
Short Blades   | |  2.1
Long Blades    | |  2.1
Axes           | |  2.1
Maces & Flails | |  2.1
Polearms       | |  2.1
Staves         | |  2.1
Unarmed Combat | |  2.1

Action                   |  1- 3 |  4- 6 || total
-------------------------+-------+-------++-------
Melee: Whip              |    49 |       ||    49
       Dagger            |   136 |    82 ||   218
       Morningstar       |       |    67 ||    67
 Fire: Blowgun           |       |     1 ||     1
Invok: Convert to Beogh  |       |     1 ||     1
  Use: Scroll            |     1 |     5 ||     6
       Potion            |       |     1 ||     1
 Stab: Sleeping          |     1 |     3 ||     4
  Eat: Chunk             |     7 |     6 ||    13
       Ration            |       |     1 ||     1
Armor: Robe              |    83 |    76 ||   159
Dodge: Dodged            |   149 |   104 ||   253
